Map: Orbital Shipyard

Players

ConfusioN - Winner!

  • Race: Zerg Zerg
  • League: Gold

Fullmetal

  • Race: Terran Terran
  • League: Master

VOD

Have the link to the VOD?

Description

asdf

Time

  • Played on: Jan. 15, 2016, 12:54 a.m.
  • Length: 20:36
Show
View Real Time Build Order
Export as new Build Order

ConfusioN Zerg - Winner!

Build Orders: Hatch First, Muta Ling Bane 

Get SALT Encoding   

  12  0:01  Drone  
  13  0:15  Overlord  
  13  0:18  Drone  
  14  0:33  Drone x2  
  16  0:37  Drone  
  17  0:54  Hatchery  
  16  0:58  Drone  
  17  1:11  Spawning Pool  
  16  1:15  Drone  
  16  1:17  Extractor  
  16  1:20  Drone  
  16  1:24  Drone  
  18  1:33  Drone  
  19  1:43  Overlord  
  19  1:59  Queen  
  19  2:00  Zergling x2  
  22  2:03  Zergling x2  
  22  2:06  Zergling x2  
  22  2:07  Queen  
  26  2:14  Drone  
  27  2:19  Drone  
  28  2:23  Metabolic Boost  
  27  2:50  Queen  
  28  2:54  Overlord  
  28  3:03  Hatchery  
  29  3:05  Drone x2  
  29  3:06  Drone, Overlord  
  29  3:07  Drone  
  31  3:14  Drone  
  32  3:22  Drone  
  32  3:23  Drone  
  32  3:24  Drone  
  32  3:26  Queen  
  37  3:42  Drone x3  
  37  3:44  Overlord, Drone  
  37  3:45  Drone  
  42  3:53  Drone x4  
  46  3:57  Overlord  
  46  4:03  Queen  
  48  4:11  Drone  
  48  4:12  Drone x2  
  51  4:23  Baneling Nest  
  48  4:24  Drone  
  48  4:25  Drone x3, Extractor  
  48  4:26  Queen  
  48  4:29  Zergling x4  
  48  4:30  Zergling x2  
  56  4:32  Overlord  
  56  4:36  Drone  
  57  4:39  Lair  
  57  4:44  Drone x3  
  57  4:45  Drone  
  61  4:57  Zergling x2  
  61  4:58  Zergling x10  
  67  5:00  Extractor  
  67  5:02  Drone  
  67  5:03  Spore Crawler  
  65  5:11  Drone  
  65  5:12  Spore Crawler  
  63  5:25  Drone  
  63  5:26  Drone x8  
  72  5:37  Evolution Chamber, Drone, Centrifical Hooks  
  72  5:38  Evolution Chamber  
  72  5:39  Overlord x2  
  72  5:41  Extractor  
  70  5:43  Extractor  
  70  5:45  Overseer  
  70  5:47  Overlord  
  70  5:48  Overlord x2  
  70  5:57  Drone x3  
  70  5:58  Overlord  
  70  5:59  Extractor  
  70  6:01  Spire  
  70  6:04  Drone x6  
  76  6:11  Overlord  
  76  6:12  Zerg Melee Weapons Level 1  
  76  6:15  Drone x3  
  79  6:19  Drone  
  79  6:20  Drone x3  
  79  6:24  Drone  
  84  6:26  Zerg Ground Armor Level 1  
  82  6:34  Drone x4  
  82  6:35  Drone  
  86  6:44  Overseer, Baneling x2  
  86  6:45  Baneling  
  84  6:48  Drone x2  
  86  7:00  Baneling x3  
  86  7:06  Hatchery  
  85  7:13  Zergling x26  
  85  7:14  Hatchery, Zergling x2  
  98  7:17  Overlord  
  98  7:19  Mutalisk  
  100  7:24  Mutalisk  
  100  7:25  Mutalisk x2  
  104  7:31  Infestation Pit  
  104  7:32  Drone x2  
  105  7:40  Mutalisk x5  
  105  7:44  Baneling x3  
  115  7:48  Drone x3  
  118  7:54  Extractor  
  118  7:57  Corruptor x2  
  121  8:05  Queen  
  105  8:15  Mutalisk x3  
  108  8:21  Drone x3  
  108  8:22  Drone  
  111  8:31  Zerg Melee Weapons Level 2  
  111  8:34  Drone x3, Queen  
  111  8:35  Drone x3, Extractor  
  111  8:36  Drone x4  
  111  8:39  Overlord x2  
  122  8:47  Hive  
  122  8:48  Zerg Ground Armor Level 2  
  122  8:51  Zergling x2  
  122  8:52  Zergling x18  
  132  8:56  Overlord  
  132  9:03  Zerg Flyer Weapons Level 1  
  132  9:07  Spore Crawler  
  132  9:09  Overlord  
  131  9:23  Zergling x2  
  131  9:24  Zergling x24  
  144  9:43  Baneling x4  
  144  9:44  Burrow  
  144  9:46  Overseer  
  144  9:49  Baneling x5  
  131  10:01  Corruptor x2  
  131  10:02  Corruptor x4  
  141  10:07  Ultralisk Cavern  
  141  10:08  Zergling x2  
  141  10:09  Zergling x26  
  154  10:20  Overlord  
  149  10:32  Corruptor x4  
  148  11:03  Ultralisk x4  
  148  11:04  Ultralisk  
  148  11:09  Zergling x2  
  148  11:10  Zergling x38  
  166  11:23  Baneling  
  166  11:24  Baneling x5  
  166  11:29  Chitinous Plating  
  166  11:32  Zerg Melee Weapons Level 3  
  160  11:44  Hatchery, Queen x2  
  152  11:59  Zergling x10  
  152  12:00  Zergling x20  
  154  12:08  Zergling x14  
  149  12:09  Zergling x4  
  151  12:24  Hatchery, Mutalisk x4  
  154  12:35  Zerg Ground Armor Level 3  
  154  12:41  Baneling x4  
  154  12:44  Baneling x2  
  154  12:45  Baneling  
  154  13:04  Overlord  
  154  13:05  Overlord  
  154  13:07  Mutalisk, Baneling x2  
  154  13:08  Mutalisk x4  
  154  13:10  Overlord x2  
  164  13:13  Drone x2  
  166  13:20  Adrenal Glands  
  166  13:24  Zergling x2  
  166  13:25  Zergling x8  
  171  13:31  Extractor  
  169  13:52  Zergling x12  
  169  13:53  Zergling x24  
  130  14:18  Zergling x10  
  130  14:19  Zergling x18  
  130  14:23  Overseer x2  
  129  14:24  Overseer  
  129  14:25  Overseer  
  109  14:49  Hatchery  
  109  14:51  Hatchery, Ultralisk  
  111  14:57  Corruptor x3  
  117  15:09  Zergling x16  
  117  15:12  Baneling x5  
  125  15:27  Corruptor x3  
  119  15:52  Ultralisk x2  
  119  15:56  Zergling x2  
  124  15:57  Zergling x14  
  131  16:14  Zergling x2  
  131  16:15  Zergling x18  
  141  16:25  Baneling x4  
  141  16:32  Mutalisk x4  
  125  16:57  Zergling x14  
  125  16:58  Zergling x10  
  125  17:00  Mutalisk x2  
  125  17:01  Mutalisk  
  137  17:14  Baneling x3  
  137  17:15  Baneling x2  
  137  17:20  Overlord x3  
  137  17:29  Overlord, Extractor  
  136  17:35  Hatchery  
  135  17:55  Ultralisk  
  135  17:56  Ultralisk x3  
  129  18:20  Zergling x28  
  129  18:21  Zergling x26  
  146  18:32  Ultralisk x2  
  152  18:45  Baneling x3  
  152  18:46  Baneling  
  152  18:54  Mutalisk  
  152  18:55  Mutalisk x6  
  166  19:07  Queen  
  166  19:21  Zergling x12  
  166  19:22  Zergling x28  
  168  19:41  Zergling x16  
  175  19:48  Hatchery  
  174  19:55  Hatchery  
  173  20:00  Baneling  
  173  20:01  Baneling x13  
  173  20:09  Baneling  
  173  20:10  Baneling  
Show
View Real Time Build Order
Export as new Build Order

Fullmetal Terran 

Build Orders: Reaper Expand 

Get SALT Encoding   

  12  0:01  SCV  
  13  0:13  SCV  
  14  0:17  Supply Depot  
  14  0:25  SCV  
  15  0:39  SCV  
  15  0:40  Barracks  
  16  0:43  Refinery  
  16  0:51  SCV  
  17  1:03  SCV  
  18  1:15  SCV  
  19  1:28  Reaper, Orbital Command  
  20  1:48  Command Center  
  20  1:58  SCV  
  20  2:00  Supply Depot  
  21  2:02  Marine  
  22  2:12  Factory  
  22  2:15  SCV  
  23  2:27  SCV  
  23  2:28  Barracks Reactor  
  24  2:42  SCV  
  25  2:54  SCV  
  26  3:01  Orbital Command  
  26  3:04  Starport  
  26  3:07  SCV  
  26  3:08  Marine x2  
  26  3:12  Widow Mine  
  29  3:13  Refinery  
  29  3:19  SCV  
  32  3:26  Marine x2  
  34  3:30  SCV  
  34  3:32  SCV  
  36  3:41  Supply Depot  
  36  3:42  SCV  
  36  3:43  Marine  
  36  3:44  Medivac, Marine  
  41  3:53  Command Center  
  41  3:56  SCV  
  41  3:59  Factory Tech Lab  
  41  4:01  SCV  
  43  4:03  Liberator  
  43  4:04  Marine x2  
  43  4:08  SCV  
  46  4:15  SCV  
  47  4:20  SCV  
  51  4:27  SCV  
  51  4:29  Marine x2  
  51  4:30  Engineering Bay  
  54  4:32  Engineering Bay  
  54  4:38  Refinery  
  54  4:40  Refinery  
  54  4:41  Supply Depot  
  54  4:48  Supply Depot  
  54  5:02  Siege Tank, Marine x2  
  54  5:03  SCV x2  
  61  5:12  Orbital Command  
  61  5:13  Starport Reactor  
  61  5:15  SCV  
  61  5:16  SCV  
  61  5:17  Barracks  
  61  5:19  Barracks  
  59  5:26  Terran Infantry Weapons Level 1, Terran Infantry Armor Level 1  
  59  5:27  SCV  
  59  5:28  SCV, Marine x2  
  57  5:37  Siege Tank  
  57  5:39  SCV  
  57  5:40  SCV x2  
  63  5:45  Supply Depot  
  63  5:48  Marine x2  
  65  5:51  SCV  
  65  5:52  SCV  
  65  5:53  Supply Depot  
  67  5:58  Starport Reactor  
  67  6:00  SCV  
  67  6:03  SCV  
  69  6:05  Barracks Tech Lab  
  69  6:09  Siege Tank  
  72  6:16  Marine x2  
  74  6:18  SCV  
  74  6:19  SCV x2  
  74  6:21  Barracks Tech Lab, Orbital Command  
  77  6:28  Marine x2  
  77  6:30  Armory, SCV  
  80  6:34  SCV, Marine  
  80  6:35  Barracks  
  80  6:37  Barracks  
  80  6:38  Medivac x2  
  86  6:41  Marine x2  
  85  6:48  SCV x2  
  85  6:51  Marine x2  
  89  6:57  Combat Shields  
  89  6:59  SCV  
  89  7:00  SCV, Siege Tank  
  94  7:02  Marine x2  
  95  7:08  SCV  
  95  7:09  Refinery  
  95  7:10  Marine  
  95  7:11  SCV  
  98  7:17  Barracks  
  98  7:20  Barracks  
  98  7:21  Medivac  
  100  7:24  Marine  
  100  7:25  Barracks Reactor x2  
  100  7:29  SCV, Medivac, Marine x2  
  106  7:31  Supply Depot  
  106  7:32  Missile Turret  
  106  7:33  Supply Depot  
  106  7:34  Supply Depot  
  106  7:35  Missile Turret, Marine  
  107  7:37  Missile Turret  
  107  7:38  Missile Turret, Terran Infantry Armor Level 2  
  107  7:40  Marine  
  107  7:42  SCV  
  109  7:52  Marine x2  
  109  7:55  Supply Depot  
  109  7:56  Siege Tank, Medivac  
  116  7:59  Marine, Medivac  
  116  8:00  Marine  
  116  8:03  Marine x4  
  124  8:08  Marine  
  124  8:09  Barracks Reactor  
  124  8:11  Barracks Tech Lab  
  114  8:20  Marine  
  114  8:21  Marine x2  
  114  8:24  Stimpack  
  108  8:29  Barracks Tech Lab  
  108  8:32  Barracks Tech Lab  
  108  8:35  Command Center  
  108  8:40  Ghost Academy  
  108  8:44  Marauder x2  
  108  8:45  Thor  
  108  8:46  Medivac  
  108  8:48  Supply Depot  
  120  8:49  Marauder  
  120  8:50  Refinery  
  120  8:51  Concussive Shells  
  122  8:55  Marine  
  122  8:56  Marine  
  122  8:59  Marine x2  
  122  9:02  Missile Turret  
  126  9:05  Terran Infantry Weapons Level 2, Marauder  
  126  9:07  Marauder x2  
  132  9:11  Marauder, Marine x2  
  132  9:13  Marine  
  132  9:14  Supply Depot  
  132  9:16  Medivac  
  139  9:26  Supply Depot, Marauder  
  139  9:27  Ghost  
  139  9:28  Ghost, Missile Turret  
  144  9:38  Ghost  
  144  9:40  Command Center  
  146  9:47  Ghost  
  146  9:48  Marine x2  
  146  9:52  Supply Depot  
  150  9:56  Ghost  
  150  9:59  Ghost  
  152  10:03  Marine x2  
  152  10:04  Marine  
  157  10:07  Ghost  
  157  10:10  Supply Depot  
  157  10:12  Supply Depot  
  159  10:15  Ghost  
  161  10:24  Ghost, Marine x3  
  161  10:28  Ghost  
  166  10:32  Supply Depot  
  168  10:37  Ghost, Marine x2  
  168  10:38  Marine  
  173  10:49  Ghost  
  175  10:50  Marine  
  175  10:51  Marine  
  175  10:55  Ghost  
  175  11:02  Missile Turret  
  156  11:07  Missile Turret  
  156  11:13  Ghost x2  
  156  11:17  Marine x2  
  162  11:28  Ghost x2  
  162  11:31  Personal Cloaking  
  165  11:41  Ghost  
  165  11:42  Ghost  
  165  11:47  Marine x2  
  170  11:56  Ghost  
  143  12:05  Ghost  
  103  12:10  Ghost x2  
  103  12:11  Marine  
  100  12:15  Marine  
  100  12:16  Marine x2  
  103  12:25  Terran Infantry Weapons Level 3, Ghost  
  102  12:34  Planetary Fortress, Marauder  
  98  12:40  Marauder  
  98  12:41  Marine x2  
  102  12:45  Marine x2  
  102  12:46  Marine  
  102  12:48  Medivac  
  102  12:50  Medivac  
  109  12:53  Marine x2  
  109  12:56  Marauder  
  109  12:58  Marauder  
  115  13:03  Terran Infantry Armor Level 3  
  115  13:13  Terran Vehicle And Ship Armor Level 1  
  115  13:14  Thor  
  115  13:16  Marauder, Marine x3  
  126  13:24  SCV, Medivac  
  129  13:28  Marauder x2  
  129  13:29  Refinery  
  129  13:30  Refinery  
  129  13:32  Medivac  
  129  13:34  Marauder  
  137  13:35  Missile Turret  
  137  13:37  Marauder  
  137  13:38  Missile Turret x2  
  134  13:49  Marauder x2, Marine x3  
  134  13:53  Marine x2  
  134  13:54  Medivac  
  134  13:55  Marauder  
  144  14:06  Marauder, Marine  
  144  14:07  Marine  
  132  14:11  Marauder  
  132  14:12  Orbital Command  
  132  14:13  Orbital Command  
  132  14:15  Orbital Command  
  132  14:17  Marauder x2, Marine x3  
  105  14:25  Marine  
  105  14:27  Marauder  
  108  14:32  Marauder  
  112  14:38  Marauder  
  112  14:40  Marauder, Marine x2  
  112  14:51  Marine x2  
  112  14:52  Marauder  
  104  14:56  SCV  
  104  14:58  Marine  
  106  15:06  Marauder  
  108  15:10  Planetary Fortress  
  108  15:16  Marine, Marauder  
  111  15:22  Medivac x2  
  111  15:23  Marine x2  
  111  15:27  SCV x2  
  119  15:29  SCV  
  119  15:32  Marauder, Marine  
  123  15:47  Marauder x2  
  113  15:51  Marauder  
  113  15:52  Medivac x2  
  113  15:53  Marauder  
  93  16:00  Marine  
  72  16:06  Marine x3  
  72  16:07  Ghost  
  72  16:08  Ghost  
  72  16:10  SCV x2  
  81  16:14  Marauder  
  81  16:15  Marauder  
  81  16:17  Terran Vehicle And Ship Armor Level 2  
  85  16:21  Marine x2  
  85  16:22  Medivac x2  
  91  16:26  Thor  
  91  16:28  Marine  
  91  16:30  Marine  
  91  16:31  Marine  
  100  16:36  Marauder  
  100  16:38  Marine x2, Marauder  
  105  16:49  Marauder  
  100  16:57  Marauder x2  
  100  16:58  SCV x2  
  100  16:59  Marauder  
  100  17:01  Marine x2  
  100  17:10  Marauder, Medivac  
  100  17:11  Marine  
  105  17:19  SCV  
  105  17:22  Ghost  
  106  17:23  Marine  
  106  17:26  Marine  
  110  17:31  Marauder  
  111  17:39  Ghost  
  111  17:41  Marine x2  
  105  17:50  Marine, Marauder  
  107  17:56  Marauder, Marine  
  105  18:01  Marine x2  
  100  18:12  Marauder  
  89  18:15  Marauder, Marine  
  89  18:23  Marine  
  89  18:24  Marauder  
  81  18:32  Marine  
  81  18:33  Marine  
  83  18:51  Marauder, Marine  
  86  18:56  Marine  
  87  19:03  Marauder  
  87  19:12  Marauder  
  87  19:15  Marine  
  90  19:23  Marine x2  
  60  19:24  Marine  
  60  19:28  Marine  
  40  19:41  Marine x2  
  29  19:58  Marauder, Marine x3  
  34  20:01  Marine  
Tags
 
Add a new tag
Caveats
  • Supply blocks, unpowered buildings, or Contaminate may cause inaccurate times.
  • Supply counts are checked every 10 seconds.